Map: [ESL] Cosmic Sapphire

Players

NightPhoenix - Winner!

  • Race: Protoss Protoss
  • Spawn Location: 5:00

milkicow

  • Race: Terran Terran
  • Spawn Location: 11:00

Event: DreamHack SC2 Masters 2022 Atlanta (Online)

VOD

Have the link to the VOD?

Description

Time

  • Played on: Sept. 29, 2022, 1:22 p.m.
  • Length: 17:28

All games in this series

Show
View Real Time Build Order
Export as new Build Order

NightPhoenix Protoss - Winner!

Build Orders: 1 Gate Expand, Phoenix Opening 

Get SALT Encoding   

  12  0:00  Probe  
  13  0:12  Probe  
  14  0:16  Pylon  
  14  0:24  Probe (Chrono Boost)  
  16  0:36  Gateway, Probe (Chrono Boost)  
  16  0:42  Probe (Chrono Boost)  
  16  0:47  Assimilator  
  17  0:51  Probe  
  18  1:03  Probe  
  19  1:15  Probe  
  20  1:23  Nexus  
  20  1:33  Cybernetics Core  
  20  1:36  Probe  
  21  1:41  Assimilator  
  21  1:48  Probe  
  21  1:52  Pylon  
  22  2:00  Probe  
  23  2:07  Adept (Chrono Boost)  
  22  2:12  Probe  
  25  2:16  Stargate  
  25  2:24  Warp Gate  
  25  2:25  Probe  
  25  2:28  Adept (Chrono Boost)  
  26  2:35  Probe (Chrono Boost)  
  30  2:42  Probe (Chrono Boost)  
  31  2:46  Probe (Chrono Boost)  
  31  2:50  Probe x2 (Chrono Boost)  
  32  2:53  Adept  
  35  3:01  Probe x2  
  35  3:03  Phoenix  
  38  3:14  Probe x2  
  40  3:21  Pylon  
  40  3:23  Adept  
  42  3:28  Phoenix (Chrono Boost)  
  42  3:29  Probe x2  
  46  3:34  Assimilator  
  46  3:43  Probe x2  
  48  3:50  Robotics Facility  
  48  3:52  Phoenix (Chrono Boost)  
  48  3:54  Pylon  
  50  3:55  Probe x2  
  52  4:08  Gateway  
  52  4:09  Gateway  
  52  4:17  Stalker  
  52  4:35  Probe x2  
  52  4:38  Immortal  
  56  4:39  Gateway  
  56  4:41  Pylon  
  56  4:43  Stalker  
  58  4:46  Shield Battery  
  58  4:47  Probe x2  
  58  4:50  Shield Battery  
  58  4:52  Pylon  
  60  5:02  Phoenix  
  60  5:05  Stalker  
  64  5:09  Stalker  
  64  5:20  Probe x2  
  64  5:23  Stalker  
  66  5:31  Stalker  
  66  5:33  Stalker  
  70  5:38  Probe x2  
  70  5:41  Stalker  
  74  5:46  Pylon  
  70  5:50  Probe x2  
  72  5:57  Stalker  
  72  6:02  Probe x2  
  76  6:14  Probe  
  76  6:18  Stalker x2  
  77  6:19  Probe  
  77  6:24  Robotics Bay  
  78  6:26  Probe  
  78  6:31  Stalker x2  
  82  6:43  Nexus  
  82  6:45  Pylon  
  82  6:50  Stalker  
  82  6:51  Stalker  
  86  7:02  Twilight Council  
  86  7:03  Probe x2, Pylon  
  88  7:13  Twilight Council  
  88  7:21  Probe  
  88  7:22  Probe  
  96  7:28  Blink (Chrono Boost)  
  96  7:33  Warp Prism, Probe (Chrono Boost)  
  96  7:34  Probe (Chrono Boost)  
  94  7:39  Gateway x2  
  96  7:45  Probe x2 (Chrono Boost)  
  96  7:48  Forge  
  96  7:49  Probe (Chrono Boost)  
  96  7:50  Probe (Chrono Boost)  
  97  7:52  Stalker  
  97  7:56  Stalker  
  103  7:58  Probe (Chrono Boost)  
  103  8:00  Probe (Chrono Boost)  
  103  8:01  Probe (Chrono Boost)  
  105  8:06  Assimilator  
  105  8:09  Probe x2 (Chrono Boost)  
  105  8:10  Probe (Chrono Boost)  
  105  8:11  Shield Battery  
  108  8:13  Probe (Chrono Boost)  
  108  8:14  Probe x2 (Chrono Boost)  
  108  8:15  Stalker x2  
  108  8:17  Protoss Ground Weapons Level 1 (Chrono Boost), Observer (Chrono Boost)  
  116  8:25  Pylon  
  116  8:29  Pylon  
  116  8:31  Pylon  
  116  8:32  Pylon  
  116  8:48  Gateway  
  116  8:49  Gateway  
  116  8:51  Gateway  
  116  8:54  Pylon  
  116  8:57  Nexus  
  116  9:00  Stalker x2  
  116  9:01  Stalker x3  
  125  9:02  Stalker  
  115  9:28  Stalker  
  115  9:29  Stalker x4  
  115  9:31  Stalker  
  123  9:46  Stalker x3  
  109  10:06  Stalker x5  
  103  10:10  Stalker x4  
  103  10:11  Probe x3  
  106  10:20  Nexus  
  102  10:21  Pylon  
  98  10:30  Stalker  
  98  10:31  Stalker x4  
  98  10:33  Probe x2  
  98  10:35  Stalker x4  
  108  10:44  Probe  
  108  10:45  Probe  
  102  11:04  Stalker x7  
  103  11:06  Probe x2  
  99  11:32  Stalker x6  
  99  11:33  Probe x3  
  99  11:34  Assimilator x2  
  96  11:43  Stalker  
  96  11:44  Stalker  
  96  11:45  Warp Prism (Chrono Boost), Probe x2  
  104  11:49  Stalker  
  104  11:50  Probe  
  104  11:52  Protoss Ground Weapons Level 2 (Chrono Boost)  
  107  11:54  Probe  
  107  11:55  Assimilator  
  107  11:57  Probe x2  
  107  11:58  Assimilator  
  110  12:09  Nexus  
  110  12:10  Probe x4  
  110  12:11  Pylon  
  114  12:16  Observer (Chrono Boost)  
  114  12:20  Gravitic Boosters  
  115  12:24  Stalker x2  
  115  12:25  Stalker x5  
  115  12:27  Stalker  
  131  12:36  Observer  
  128  12:48  Probe x2  
  128  12:50  Observer  
  114  12:53  Assimilator  
  114  12:57  Observer, Assimilator  
  114  12:59  Stalker x2  
  114  13:04  Stalker  
  114  13:05  Stalker x8  
  132  13:07  Observer  
  132  13:10  Fleet Beacon  
  132  13:16  Protoss Air Weapons Level 1 (Chrono Boost)  
  126  13:27  Probe x2  
  126  13:31  Observer  
  126  13:32  Stalker x6  
  140  13:38  Stalker x3  
  140  13:39  Observer  
  140  13:41  Stargate  
  146  13:43  Pylon  
  146  13:46  Pylon  
  146  13:59  Observer  
  146  14:06  Observer  
  146  14:07  Stalker x9  
  146  14:09  Protoss Ground Weapons Level 3 (Chrono Boost), Probe x3  
  166  14:10  Observer (Chrono Boost)  
  166  14:11  Probe x2  
  157  14:38  Stalker x7  
  157  14:39  Stalker x2  
  142  15:12  Stalker x9  
  154  15:17  Tempest  
  159  15:22  Stargate  
  159  15:23  Charge, Stargate  
  159  15:24  Stargate  
  159  15:28  Observer  
  156  15:34  Nexus, Pylon  
  156  15:35  Observer  
  154  15:37  Tempest  
  154  15:41  Adept x2  
  154  15:42  Adept x5  
  173  15:52  Observer  
  173  15:56  Observer  
  173  16:02  Tempest  
  178  16:05  Assimilator  
  178  16:09  Assimilator  
  168  16:36  Stalker x6  
  168  16:37  Stalker x3  
  187  17:10  Zealot x6  
Show
View Real Time Build Order
Export as new Build Order

milkicow Terran 

Build Orders:  

Get SALT Encoding   

  12  0:00  SCV  
  13  0:12  SCV  
  14  0:17  Supply Depot  
  14  0:24  SCV  
  15  0:38  SCV  
  15  0:40  Barracks  
  16  0:44  Refinery  
  16  0:51  SCV  
  16  0:52  Refinery  
  17  1:03  SCV  
  18  1:15  SCV  
  19  1:27  Supply Depot, Reaper, Orbital Command  
  20  1:41  Factory  
  20  1:52  SCV  
  21  1:59  Barracks Reactor  
  21  2:04  SCV  
  22  2:16  SCV  
  22  2:21  Command Center  
  23  2:27  Hellion  
  23  2:28  SCV  
  26  2:34  Starport  
  26  2:35  Marine  
  27  2:38  Marine  
  27  2:43  Supply Depot  
  28  2:48  SCV  
  28  2:50  Widow Mine  
  31  3:05  SCV  
  32  3:10  Medivac  
  34  3:17  SCV  
  35  3:22  Refinery  
  35  3:24  Widow Mine x2  
  39  3:32  SCV  
  39  3:33  Orbital Command  
  40  3:43  Fusion Core  
  40  3:45  SCV  
  39  3:48  Starport Tech Lab  
  39  3:49  Barracks Tech Lab  
  39  3:50  Widow Mine  
  39  3:55  Widow Mine  
  43  3:57  SCV  
  43  3:59  SCV  
  45  4:03  Supply Depot  
  45  4:07  Bunker  
  45  4:09  SCV  
  46  4:11  SCV  
  47  4:18  Supply Depot  
  47  4:21  SCV  
  47  4:23  SCV  
  47  4:33  SCV  
  47  4:35  SCV  
  48  4:39  Battlecruiser  
  48  4:45  SCV  
  55  4:48  SCV  
  56  4:53  Refinery, Starport  
  56  4:57  SCV  
  54  5:00  SCV  
  54  5:02  Widow Mine  
  54  5:04  Widow Mine  
  58  5:09  SCV  
  58  5:13  SCV  
  58  5:19  Barracks Tech Lab  
  56  5:21  SCV  
  56  5:25  SCV  
  58  5:33  SCV  
  58  5:34  Supply Depot  
  59  5:37  SCV  
  60  5:46  SCV, Battlecruiser  
  60  5:49  SCV  
  68  5:56  Supply Depot  
  66  5:58  SCV  
  66  6:03  Battlecruiser  
  66  6:04  SCV  
  72  6:10  SCV  
  72  6:11  Widow Mine x2  
  74  6:16  SCV  
  72  6:23  SCV  
  73  6:28  SCV  
  73  6:30  Command Center  
  74  6:35  SCV  
  75  6:40  SCV, Factory  
  75  6:41  Factory Tech Lab  
  75  6:42  Supply Depot  
  75  6:46  Weapon Refit  
  75  6:47  SCV  
  75  6:52  SCV  
  74  6:59  SCV  
  74  7:00  Siege Tank  
  78  7:04  SCV  
  78  7:07  Armory  
  79  7:11  SCV  
  80  7:16  SCV  
  80  7:20  Battlecruiser  
  86  7:23  SCV  
  86  7:28  SCV  
  88  7:33  Siege Tank  
  88  7:35  SCV  
  92  7:39  Widow Mine  
  92  7:42  SCV, Widow Mine  
  92  7:43  Supply Depot, Command Center, Orbital Command  
  97  7:47  SCV  
  97  7:48  Engineering Bay  
  98  7:52  Armory  
  98  7:54  SCV  
  99  7:59  SCV  
  100  8:06  SCV  
  100  8:09  Supply Depot, Siege Tank  
  100  8:11  SCV  
  100  8:12  SCV  
  106  8:16  Supply Depot  
  106  8:18  SCV  
  107  8:25  SCV  
  108  8:27  Supply Depot  
  108  8:28  Supply Depot  
  108  8:29  Battlecruiser, Refinery  
  108  8:33  Refinery  
  114  8:34  SCV, Orbital Command  
  114  8:37  SCV  
  114  8:39  Missile Turret  
  115  8:46  Supply Depot, SCV  
  115  8:48  Supply Depot x2  
  115  8:49  SCV  
  115  8:54  Siege Tank  
  118  8:56  Terran Vehicle And Ship Armor Level 1  
  118  8:59  SCV  
  119  9:15  Refinery  
  119  9:18  SCV  
  119  9:21  Battlecruiser, Refinery  
  127  9:24  SCV  
  127  9:26  SCV  
  127  9:30  SCV  
  129  9:36  SCV  
  129  9:37  Siege Tank  
  125  9:38  SCV  
  125  9:42  SCV  
  126  9:48  SCV  
  127  9:54  SCV  
  113  10:00  SCV  
  113  10:06  Widow Mine  
  105  10:07  Battlecruiser, Widow Mine  
  105  10:12  Command Center  
  108  10:18  Widow Mine  
  108  10:19  SCV  
  108  10:20  SCV  
  105  10:31  SCV  
  106  10:39  Siege Tank  
  106  10:46  Command Center  
  106  10:52  Command Center  
  106  10:57  SCV  
  101  10:59  SCV  
  100  11:09  SCV  
  101  11:12  SCV  
  100  11:19  Siege Tank  
  100  11:21  SCV  
  100  11:25  SCV  
  100  11:29  Terran Vehicle And Ship Armor Level 2  
  94  11:33  SCV  
  94  11:35  Factory  
  94  11:37  SCV  
  93  11:45  SCV  
  93  11:49  SCV, Refinery  
  93  11:51  Widow Mine x2  
  93  11:52  Siege Tank  
  101  11:57  SCV  
  101  12:01  SCV  
  103  12:07  Refinery  
  103  12:09  SCV, Refinery  
  104  12:16  Command Center  
  104  12:19  SCV, Widow Mine x2  
  104  12:20  Siege Tank  
  104  12:22  SCV  
  113  12:30  Missile Turret  
  113  12:31  SCV  
  113  12:36  Orbital Command  
  114  12:46  Banshee  
  114  12:48  SCV  
  114  12:51  Widow Mine, Siege Tank  
  121  12:52  Widow Mine  
  121  12:55  Armory  
  125  13:00  SCV  
  126  13:07  SCV x2  
  126  13:12  SCV  
  127  13:19  SCV  
  128  13:21  SCV  
  128  13:24  SCV  
  128  13:26  Missile Turret  
  127  13:29  Siege Tank x2  
  127  13:30  Widow Mine x2, Orbital Command  
  127  13:31  Refinery, SCV  
  127  13:33  SCV  
  137  13:46  SCV  
  134  13:49  Planetary Fortress  
  134  13:51  SCV x2  
  134  14:00  Refinery  
  132  14:03  SCV  
  132  14:07  SCV x3  
  133  14:11  Widow Mine x2, Siege Tank x2  
  133  14:15  SCV  
  144  14:22  Command Center  
  142  14:30  Terran Vehicle Weapons Level 1  
  136  14:37  SCV  
  136  14:38  SCV  
  122  14:39  SCV  
  122  14:43  Siege Tank  
  124  14:46  SCV  
  124  14:49  SCV  
  124  14:52  Siege Tank  
  117  14:53  Widow Mine  
  117  14:55  SCV  
  117  14:57  SCV  
  117  14:58  SCV  
  117  15:00  SCV  
  117  15:02  SCV  
  110  15:07  SCV  
  108  15:18  Siege Tank  
  108  15:19  Widow Mine  
  108  15:20  Widow Mine  
  115  15:29  Liberator  
  115  15:30  Sensor Tower  
  115  15:35  Sensor Tower  
  121  15:41  Siege Tank  
  125  15:46  Factory  
  121  15:50  Factory  
  121  15:53  SCV, Siege Tank  
  121  15:54  SCV  
  126  15:58  SCV x3  
  126  16:05  SCV  
  126  16:06  SCV  
  126  16:09  Liberator  
  126  16:10  Widow Mine x2  
  132  16:12  SCV  
  132  16:13  Siege Tank  
  132  16:14  SCV  
  134  16:21  SCV  
  134  16:22  SCV  
  134  16:25  Siege Tank  
  139  16:26  Refinery  
  139  16:28  Refinery  
  139  16:30  SCV  
  139  16:32  Widow Mine x2  
  141  16:36  Liberator, Missile Turret  
  141  16:39  SCV  
  141  16:44  SCV  
  141  16:46  SCV  
  142  16:48  SCV  
  142  16:51  Siege Tank  
  142  16:52  SCV  
  143  16:56  SCV  
  143  16:57  SCV  
  143  16:58  SCV  
  129  17:02  Widow Mine  
  129  17:04  SCV  
  124  17:08  SCV  
  124  17:10  SCV x2  
  137  17:23  Factory Reactor  
Tags
 
Add a new tag
Caveats
  • Supply blocks, unpowered buildings, or Contaminate may cause inaccurate times.
  • Supply counts are checked every 10 seconds.